 Dungeon Crawl Stone Soup version 0.30-a0-509-gd016549fea (webtiles) character file.

Game seed: 4188422858920544487

28 Raultor the Insei (level 3, 0/27 HPs)
             Began as a Djinni Transmuter on Dec 22, 2022.
             Slain by Natasha (8 damage)
             ... on level 2 of the Dungeon.
             The game lasted 00:02:24 (1169 turns).

Raultor the Insei (Djinni Transmuter)               Turns: 1169, Time: 00:02:25

Health: 0/27       AC:  2    Str:  9    XL:     3   Next: 27%
Gold:   62         EV: 16    Int: 16    God:
                   SH:  0    Dex: 13

rFire   + + .      SeeInvis .      - Unarmed
rCold   x . .      Faith    .    (no shield)
rNeg    . . .      Spirit   .    a - +0 robe
rPois   ∞          Reflect  .    (no helmet)
rElec   .          Harm     .    (no cloak)
rCorr   .          Rampage  .    (no gloves)
Will    .....                    (boots unavailable)
Stlth   +.........               (no amulet)
HPRegen 0.24/turn                E - +4 ring of evasion
MPRegen 0.00/turn                (no ring)

@: wereblooded (expiring), flying
A: sickness immunity, fire resistance 2, cold vulnerability 1, float, innate
caster, HP casting, extra vitality 1
a: no special abilities


You were on level 2 of the Dungeon.
You visited 1 branch of the dungeon, and saw 2 of its levels.

You collected 62 gold pieces.


Innate Abilities, Weirdness & Mutations

You are immune to sickness and miasma.
You are immune to poison.
Your flesh is very heat resistant. (rF++)
You are vulnerable to cold. (rC-)
You float through the air rather than walking.
You learn spells naturally, not from books.
Your magical power is your life essence.
You have superior vitality. (+4 MHP)


   Skills:
 - Level 1.0 Fighting
 - Level 2.1 Dodging
 - Level 3.0 Unarmed Combat
 * Level 2.7 Spellcasting


You couldn't memorise any spells.
You knew the following spells:

 Your Spells              Type           Power      Damage    Failure   Level
b - Beastly Appendage     Tmut           20%        N/A       6%          1
c - Ice Form              Ice/Tmut       10%        N/A       54%         4
m - Magic Dart            Conj           40%        1d5       6%          1
s - Spider Form           Tmut/Pois      10%        N/A       19%         3
w - Wereblood             Tmut           10%        N/A       10%         2
Your spell library was empty.

Inventory:

Armour
 a - a +0 robe (worn)
Jewellery
 E - a +4 ring of evasion (left hand)
Scrolls
 c - a scroll of fear {unknown}
 d - a scroll of magic mapping {unknown}
 f - a scroll of fog {unknown}
 g - 2 scrolls of teleportation {unknown}
 i - a scroll of identify {unknown}
Potions
 b - a potion of lignification
 e - a potion of attraction {unknown}
 h - a potion of berserk rage {unknown}

Dungeon Overview and Level Annotations

Branches:
Dungeon (2/15)

Altars:

Annotations:
D:2 Natasha

##.......###
#..........
#........#####
#...........>#
#............
#$......###.#
#.......#
#######.#####
#....@h.#
#.####### #.#


You could see Natasha.


Message History

Natasha is lightly wounded.
Natasha claws you.
* * * LOW HITPOINT WARNING * * *
You completely miss Natasha.
Natasha is lightly wounded.
You howl as the wereblood boils in your veins!
Natasha zaps a wand.
The puff of flame hits you. You resist.
* * * LOW HITPOINT WARNING * * *
You barely miss Natasha.
Natasha is lightly wounded.
Natasha misses you.
You hit Natasha. You headbutt Natasha, but do no damage.
Natasha is moderately wounded.
Your horns disappear.
Natasha claws you but does no damage.
You closely miss Natasha.
Natasha is moderately wounded.
Your primal bloodlust is almost over.
Natasha zaps a wand.
The puff of flame hits you. You resist.
* * * LOW HITPOINT WARNING * * *
You barely miss Natasha.
Natasha is moderately wounded.
Natasha misses you.
You hit Natasha but do no damage.
Natasha is moderately wounded.
Natasha misses you.
You hit Natasha but do no damage.
Natasha is moderately wounded.
Natasha claws you!
You die...

Skill      XL: |  1 |
---------------+----+-----
Spellcasting   | 2 |  2.7
Fighting       | |  1.0
Dodging        | |  2.1
Unarmed Combat | |  3.0

Action                   || total
-------------------------++-------
Melee: Unarmed           ||   104
       Headbutt          ||    10
       Punch             ||     3
 Cast: Beastly Appendage ||     7
       Wereblood         ||     1
 Stab: Sleeping          ||     1
Armor: Robe              ||    18
Dodge: Dodged            ||    72

Levels and vault maps discovered:
D:1:      spicycebolla_arrival_xxxplode, layout_basic, kennysheep_crisscross
D:2:      layout_basic, nrook_mini_vaults, uniq_robin, uniq_natasha

Notes
Turn   | Place    | Note
-------+----------+-------------------------------------------
     0 | D:1      | Raultor the Djinni Transmuter began the quest for the Orb.
     0 | D:1      | Raultor set off with the following spells memorised:
                  | Beastly Appendage, Wereblood, Spider Form, Ice Form.
     0 | D:1      | Reached XP level 1. HP: 17/17 MP: 0/0
   125 | D:1      | Reached skill level 2 in Spellcasting
   140 | D:1      | Reached XP level 2. HP: 22/22 MP: 0/0
   575 | D:1      | Reached XP level 3. HP: 27/27 MP: 0/0
   575 | D:1      | Learned a level 1 spell: Magic Dart
  1143 | D:2      | Noticed Natasha
  1169 | D:2      | Slain by Natasha

Vanquished Creatures
  3 bats
  2 endoplasms (D:1)
  A giant cockroach (D:1)
  6 goblins
  4 hobgoblins (D:1)
  A ball python (D:1)
  2 frilled lizards (D:1)
  2 kobolds (D:1)
  4 rats
25 creatures vanquished.

Table legend: (Time is in decaauts)
 A = Elapsed time spent in this place.
 B = Non-inter-level travel time spent in this place.
 C = Inter-level travel time spent in this place.
 D = Time resting spent in this place.
 E = Time spent auto-exploring this place.
 F = Levels seen in this place.
 G = Mean time per level.
                   A        B        C        D        E       F      G
               +--------+--------+--------+--------+--------+-----+--------+
         Total |   1161 |   1133 |     28 |      0 |    933 |   2 |  580.5 |
       Dungeon |   1161 |   1133 |     28 |      0 |    933 |   2 |  580.5 |
               +--------+--------+--------+--------+--------+-----+--------+

Top non-repeatable levels by time:
     D:1: 1067 daAuts
     D:2: 94 daAuts

Table legend:
 A = Non-vault XP
 B = Vault XP
 C = Vault XP percentage of total XP
 D = Non-vault monster count
 E = Vault monster count
 F = Vault count percentage of total count
                 A         B        C        D         E       F
            +---------+---------+-------+---------+---------+-------
      Total |      40 |       0 |   0.0 |      25 |       0 |   0.0
            +---------+---------+-------+---------+---------+-------
        D:1 |      36 |       0 |   0.0 |      22 |       0 |   0.0
        D:2 |       4 |       0 |   0.0 |       3 |       0 |   0.0
            +---------+---------+-------+---------+---------+-------
